 Dungeon Crawl Stone Soup version 0.30-a0-12-gd8047c6341 (webtiles) character file.

Game seed: 9015610229731272170

291 siradein the Conjurer (level 6, -5/36 HPs)
             Began as an Octopode Conjurer on Aug 23, 2022.
             Slain by Edmund
             ... wielding a +6 flail of venom
              (8 damage)
             ... on level 4 of the Dungeon.
             The game lasted 00:06:50 (4262 turns).

siradein the Conjurer (Octopode Conjurer)           Turns: 4262, Time: 00:06:51

Health: -5/36      AC:  5    Str:  6    XL:     6   Next: 32%
Magic:  12/12      EV: 13    Int: 22    God:
Gold:   108        SH:  5    Dex: 11    Spells: 10/13 levels left

rFire   . . .      SeeInvis .    f - +1 dagger (vamp)
rCold   . . .      Faith    .    (no shield)
rNeg    . . .      Spirit   .    (helmet restricted)
rPois   .          Reflect  +    m - amulet of reflection
rElec   .          Harm     .    d - +4 ring of protection
rCorr   .          Rampage  .    (no ring)
Will    .....                    (no ring)
Stlth   +++.......               (no ring)
HPRegen 0.12/turn                (no ring)
MPRegen 0.13/turn                (no ring)
                                 (no ring)
                                 (no ring)

@: lethally poisoned (-5 -> -7)
A: almost no armour, amphibious, 8 rings, camouflage 1, gelatinous body 1,
(nimble swimmer 1), tentacles
a: no special abilities


You were on level 4 of the Dungeon.
You visited 1 branch of the dungeon, and saw 4 of its levels.

You collected 108 gold pieces.

Inventory:

Hand Weapons
 f - a +1 vampiric dagger (weapon)
Jewellery
 d - a +4 ring of protection (left tentacle)
 m - an amulet of reflection (around mantle)
Wands
 p - a wand of flame (10)
Scrolls
 c - a scroll of poison {unknown}
 g - 2 scrolls of teleportation {unknown}
 i - a scroll of noise {unknown}
 j - 2 scrolls of amnesia {unknown}
 l - a scroll of enchant armour {unknown}
 n - a scroll of fear {unknown}
 o - 2 scrolls of identify {unknown}
Potions
 b - 2 potions of mutation {unknown}
 e - 2 potions of brilliance {unknown}
 h - 2 potions of heal wounds {unknown}
 k - a potion of invisibility {unknown}


   Skills:
 - Level 2.0 Dodging
 - Level 2.7 Stealth
 + Level 4.4 Spellcasting
 + Level 5.9 Conjurations


You had 10 spell levels left.
You knew the following spells:

 Your Spells              Type           Power      Damage    Failure   Level
a - Magic Dart            Conj           100%       1d8       1%          1
b - Searing Ray           Conj           62%        2d6       1%          2

Your spell library contained the following spells:

 Spells                   Type           Power      Damage    Failure   Level
 Dazzling Flash           Conj/Hex       34%        N/A       10%         3
 Ensorcelled Hibernation  Hex/Ice        8%         N/A       16%         2
 Passwall                 Tmut/Erth      3%         N/A       16%         2
 Fulminant Prism          Conj/Hex       8%         3d7       30%         4
 Iskenderun's Mystic Bla  Conj/Tloc      17%        2d5       30%         4
 Spider Form              Tmut/Pois      4%         N/A       32%         3
 Swiftness                Air            4%         N/A       32%         3
 Anguish                  Hex/Necr       2%         N/A       71%         4


Dungeon Overview and Level Annotations

Branches:
Dungeon (4/15)
 Temple: D:4-7

Altars:
The Shining One

Shops:
D:3 [   D:4 *

Annotations:
D:3 2 transporters
D:4 Edmund


Innate Abilities, Weirdness & Mutations

You cannot wear most types of armour.
You are amphibious.
You can wear up to eight rings at the same time.
Your skin changes colour to match your surroundings (Stealth+).
Your rubbery body absorbs attacks. (AC +1, EV +1)
((You are camouflaged when in or above water. (Stealth+)))
You have tentacles for arms and can constrict up to eight enemies at once.


Message History

Edmund is lightly wounded. (Press Numpad 5 to maintain the ray.)
You constrict Edmund. Edmund closely misses you.
The searing ray hits Edmund!
Edmund is moderately wounded.
You constrict Edmund.
Edmund gestures with his flail.
Edmund hits you with a +6 flail of venom!
You are poisoned.
The searing ray hits Edmund but does no damage.
Edmund is moderately wounded.
You constrict Edmund, but do no damage.
You feel very sick. Edmund closely misses you.
You hit Edmund but do no damage. You squeeze Edmund.
Edmund is moderately wounded.
You constrict Edmund.
You feel very sick.
Edmund hits you with a +6 flail of venom!
You hit Edmund but do no damage. You squeeze Edmund.
Edmund is heavily wounded.
You constrict Edmund, but do no damage.
You feel sick. You block Edmund's attack.
You hit Edmund.
Edmund is heavily wounded.
You constrict Edmund.
You feel sick.
Edmund hits you with a +6 flail of venom.
* * * LOW HITPOINT WARNING * * *
You hit Edmund but do no damage. Your squeeze misses Edmund.
Edmund is heavily wounded.
You constrict Edmund, but do no damage.
* * * LOW HITPOINT WARNING * * *
You feel sick. You block Edmund's attack.
Unknown command.
Unknown command.
Magic courses through your body.
You constrict Edmund.
* * * LOW HITPOINT WARNING * * *
You feel sick.
Edmund hits you with a +6 flail of venom!
You die...

#.......#####
#.......#
#.......#
#.......# #
#.......#
.##.#.##.......#
...............#
#...###).....#
###.@@..)#####
#.####.# #
#.....#
#####.o># ##


You could see Edmund.

Vanquished Creatures
  A howler monkey (D:3)
  2 orc priests (D:4)
  2 orc wizards
  7 adders
  A worm (D:2)
  A dart slug (D:1)
  9 orcs
  3 endoplasms
  A giant cockroach (D:3)
  9 goblins
  6 hobgoblins
  4 quokkas
  6 ball pythons
  A bat (D:1)
  2 frilled lizards (D:1)
  12 kobolds
  5 rats
72 creatures vanquished.

Notes
Turn   | Place    | Note
-------+----------+-------------------------------------------
     0 | D:1      | siradein the Octopode Conjurer began the quest for the Orb.
     0 | D:1      | Reached XP level 1. HP: 11/11 MP: 3/3
   418 | D:1      | Reached XP level 2. HP: 16/17 MP: 0/5
   573 | D:1      | Found a faded altar of an unknown god.
  1372 | D:1      | Reached XP level 3. HP: 21/21 MP: 2/6
  2186 | D:2      | Reached XP level 4. HP: 27/27 MP: 3/8
  2584 | D:2      | Learned a level 2 spell: Searing Ray
  2845 | D:3      | Reached skill level 5 in Conjurations
  3149 | D:3      | Found a transporter.
  3229 | D:3      | Found a transporter.
  3260 | D:3      | Reached XP level 5. HP: 28/31 MP: 5/10
  3885 | D:3      | Found Godet's Armour Boutique.
  4081 | D:4      | Found Setuoc Nigul's Assorted Antiques.
  4096 | D:4      | Found a glowing golden altar of the Shining One.
  4214 | D:4      | Reached XP level 6. HP: 36/36 MP: 6/12
  4241 | D:4      | Noticed Edmund
  4262 | D:4      | Slain by Edmund

Illustrated notes

Levels and vault maps discovered:
D:1:      kilobyte_arrival_exit_the_forest, layout_loops_corners,
          hellmonk_ecumenical_altar_leap_of_faith, st_stairs_6,
          minmay_misc_feat_doors, minmay_circled_x
D:2:      layout_loops_corners
D:3:      gammafunk_wand_slinger, layout_basic, serial_shops,
          nicolae_shop_statue_plus, minivault_27, grunt_ministairs_9
D:4:      layout_basic, mainiacjoe_overflow_concentric_impassable, serial_shops,
          nicolae_shop_waterfront, serial_park_tiny_pond,
          minmay_manual_monolith, uniq_ijyb, uniq_edmund, uniq_natasha

Skill      XL: |  1  2  3  4  5 |
---------------+----------------+-----
Spellcasting   | 3 4 |  4.4
Conjurations   | 5 |  5.9
Dodging        | |  2.0
Stealth        | |  2.7

Action                   |  1- 3 |  4- 6 || total
-------------------------+-------+-------++-------
Melee: Unarmed           |    14 |       ||    14
       Constrict         |     7 |     5 ||    12
       Tentacles         |     5 |     6 ||    11
       Dagger            |    20 |    29 ||    49
       Punch             |     1 |     1 ||     2
 Cast: Magic Dart        |    55 |    63 ||   118
       Searing Ray       |       |     3 ||     3
  Use: Potion            |       |     1 ||     1
Armor: Skin              |     6 |     8 ||    14
Dodge: Dodged            |    20 |    17 ||    37
Block: Other             |       |     4 ||     4

Table legend: (Time is in decaauts)
 A = Elapsed time spent in this place.
 B = Non-inter-level travel time spent in this place.
 C = Inter-level travel time spent in this place.
 D = Time resting spent in this place.
 E = Time spent auto-exploring this place.
 F = Levels seen in this place.
 G = Mean time per level.
                   A        B        C        D        E       F      G
               +--------+--------+--------+--------+--------+-----+--------+
         Total |   4259 |   4213 |     46 |      3 |   3807 |   4 | 1064.8 |
       Dungeon |   4259 |   4213 |     46 |      3 |   3807 |   4 | 1064.8 |
               +--------+--------+--------+--------+--------+-----+--------+

Top non-repeatable levels by time:
     D:1: 1721 daAuts
     D:3: 1241 daAuts
     D:2: 1115 daAuts
     D:4: 180 daAuts
